 Dungeon Crawl Stone Soup version 0.27-a0-1105-g946c659c87 (webtiles) character file.

Game seed: 327293906499898612

251 spiderkeys the Skirmisher (level 5, 0/42 HPs)
             Began as a Mummy Fighter on Apr 30, 2021.
             Was an Initiate of Gozag.
             Slain by Edmund
             ... wielding a +3 dire flail of holy wrath
              (7 damage)
             ... on level 4 of the Dungeon.
             The game lasted 00:09:54 (4171 turns).

spiderkeys the Skirmisher (Mummy Fighter)           Turns: 4171, Time: 00:09:55

Health: 0/42       AC:  6    Str: 20    XL:     5   Next: 88%
Magic:  5/5        EV: 11    Int:  7    God:    Gozag
Gold:   202        SH:  9    Dex: 12    Spells: 3/4 levels left

rFire    . . .     SeeInvis .   a - +0 long sword
rCold    + + .     Faith    .   c - +0 kite shield
rNeg     + + +     Spirit   .   g - +0 scale mail
rPois    ∞         Reflect  .   (no helmet)
rElec    +         Harm     .   (no cloak)
rCorr    +         Rampage  .   (no gloves)
Will     .....                  (no boots)
Stlth    ..........             (no amulet)
HPRegen  0.14/turn              E - +4 ring of evasion
MPRegen  0.09/turn              (no ring)

@: resistant
A: cold resistance 1, negative energy resistance 3, torment resistance 2,
unbreathing 1, heat vulnerability 1, no potions
a: Renounce Religion, Potion Petition, Call Merchant, Bribe Branch


You were on level 4 of the Dungeon.
You worshipped Gozag.
Gozag was aware of your devotion.
You visited 1 branch of the dungeon, and saw 4 of its levels.

You collected 657 gold pieces.
You paid 455 gold pieces to Gozag.


Innate Abilities, Weirdness & Mutations

You are immune to poison.
Your flesh is cold resistant. (rC+)
You are immune to negative energy. (rN+++)
You are immune to unholy pain and torment.
You can survive without breathing.
You are vulnerable to heat. (rF-)
You do not drink.


   Skills:
 + Level 4.0 Fighting
 * Level 3.3 Long Blades
 + Level 3.3 Armour
 + Level 3.2 Shields


You had 3 spell levels left.
You knew the following spells:

 Your Spells              Type           Power      Damage    Failure   Level
a - Apportation           Tloc           0%         N/A       99%         1

Your spell library contained the following spells:

 Spells                   Type           Power      Damage    Failure   Level


Inventory:

Hand Weapons
 a - a +0 long sword (weapon)
 b - a +0 hunting sling of freezing
   (You took it off an orc on level 3 of the Dungeon)
Missiles
 d - 170 stones (quivered)
 e - 33 arrows
 j - 4 poisoned darts
 l - 5 boomerangs
 m - 20 sling bullets
Armour
 c - a +0 kite shield (worn)
 g - a +0 scale mail (worn)
Magical Staves
 n - a staff of poison {!a}
   (You took it off an orc on level 4 of the Dungeon)
Jewellery
 C - a ring of ice
   (You found it on level 4 of the Dungeon)
 E - a +4 ring of evasion (left hand)
   (You found it on level 1 of the Dungeon)
Wands
 i - a wand of polymorph (1)
   (You took it off Jessica on level 3 of the Dungeon)
 k - a wand of paralysis (8)
   (You found it on level 4 of the Dungeon)
Scrolls
 f - a scroll of amnesia
 h - 2 scrolls of teleportation {@r4}

Dungeon Overview and Level Annotations

Branches:
Dungeon (4/15)
 Temple: D:4-7

Altars:
Gozag
Yredelemnul
The Shining One

Annotations:
D:4 Edmund

....## ##.....# #..## #.....
....# ##...##.## ##g.#
##.###. ...####...###..#
#..# #<.# .....#....# #..#
#.@## ##O## .........####..#
#...# #.)# ...............##
##...###.##
..#.##..........###.....#@.#
#
.###...#####............g..#
.. # ###.#
##...@@.(.(....####... ###
#..............#.....
###....................
####..............#.......
#.......##.......#######..
...#########.....## . ##
##....## #......# #.##...##


You could see Edmund.


Message History

You block Edmund's attack. 😮 HP[+1]
The goblin closely misses you. 😮 HP[+1] 😮 HP[+1]
There is a stone staircase leading up here. 😮 HP[+1] 😮 HP[+1] 😮 HP[+1] 😕 HP[+1] Edmund says, "I'm quite good with sums, too." 😕 HP[+1] 😕 HP[+1]
There is a stone staircase leading up here. 😕 HP[+1] Edmund says, "People accused me of being a cutpurse!" 😕 HP[+1] Edmund mutters, "Who needs spells, anyway?" 😕 HP[+1] 😕 HP[+1]
Things that are here:
a +0 club; a +0 club
There is a stone staircase leading up here.
Edmund asks, "Have you met my wondrous brother?" 😕 HP[+1] 😕 HP[+1] 😕 HP[+1] 😎 HP[+1]
Your hp is fully restored (42).
Things that are here:
a +0 club; a +0 club
There is a stone staircase leading up here.
Edmund says, "People accused me of being a cutpurse!"
You climb upwards.
There is a stone staircase leading down here.
Done exploring.
There is an open door here.
There is an open door here.
You see here a +0 robe.
There is a stone staircase leading down here.
You climb downwards.
Level annotation: Edmund
There is a stone staircase leading up here.
Your +0 hunting sling of freezing is covered in frost.
b - a +0 hunting sling of freezing (weapon)
Fire: 23 sling bullets
Press: ? - help, Q - select action, (/) - cycle Shift-Dir - straight line, f - Edmund
Aim: Edmund, wielding a +3 dire flail of holy wrath and wearing a +0 scale mail (63% to hit)
You shoot a sling bullet. The sling bullet hits Edmund!
The sling bullet freezes Edmund.
Edmund says, "What use are spells, anyway?"
Fire: 22 sling bullets
Press: ? - help, Q - select action, (/) - cycle Shift-Dir - straight line, f/p - Edmund
Aim: Edmund, wielding a +3 dire flail of holy wrath and wearing a +0 scale mail (moderately wounded, 63% to hit)
You shoot a sling bullet.
The sling bullet hits Edmund but does no damage.
Fire: 21 sling bullets
Press: ? - help, Q - select action, (/) - cycle Shift-Dir - straight line, f/p - Edmund
Aim: Edmund, wielding a +3 dire flail of holy wrath and wearing a +0 scale mail (moderately wounded, 63% to hit)
You shoot a sling bullet. The sling bullet barely misses Edmund.
Edmund barely misses you.
Your +0 hunting sling of freezing stops glowing.
a - a +0 long sword (weapon)
You hit Edmund. You block Edmund's attack.
Edmund hits you with a +3 dire flail of holy wrath.
You convulse. 😕 HP[-3]
You take 3 damage, and now have 39/42 hp.
You hit Edmund but do no damage.
Edmund hits you with a +3 dire flail of holy wrath!
You convulse!
* * * LOW HITPOINT WARNING * * *
😱 HP[-31]
You take 31 damage, and now have 8/42 hp.
MASSIVE DAMAGE!! (PAUSE)
Press: ? - help, v - describe, . - travel
Here: Edmund, wielding a +3 dire flail of holy wrath and wearing a +0 scale mail (moderately wounded)
The floor.
Unknown command. [a] - 640 gold - haste, brilliance, resistance and invisibility [b] - 528 gold - resistance, might and haste [c] - 345 gold - resistance and heal wounds Purchase which effect?
You no longer have enough gold to petition Gozag for potion effects.
You feel protected.
You feel much better.
Edmund hits you with a +3 dire flail of holy wrath!
* * * LOW HITPOINT WARNING * * *
You convulse!
* * * LOW HITPOINT WARNING * * *
😨 HP[+3]
You regained 3 hp, and now have 11/42 hp.
You barely miss Edmund.
Edmund hits you with a +3 dire flail of holy wrath.
* * * LOW HITPOINT WARNING * * *
You convulse.
* * * LOW HITPOINT WARNING * * *
Edmund hits you with a +3 dire flail of holy wrath!
You die...
Your body crumbles into a pile of gold.

Skill      XL: |  1  2  3  4  5 |
---------------+----------------+-----
Long Blades    | 2 3 |  3.3
Armour         | 3 |  3.3
Shields        | 3 |  3.2
Fighting       | 4 |  4.0

Action                   |  1- 3 |  4- 6 || total
-------------------------+-------+-------++-------
Melee: Long sword        |   145 |   120 ||   265
 Fire: Hunting sling     |       |    35 ||    35
Invok: Potion Petition   |       |     2 ||     2
  Use: Scroll            |     2 |     3 ||     5
Armor: Scale mail        |    85 |    53 ||   138
Dodge: Dodged            |    53 |    86 ||   139
Block: Kite shield       |    81 |    84 ||   165
       Rpst.: Long sword |    15 |    20 ||    35

Levels and vault maps discovered:
D:1:      dpeg_arrival_rhombi, layout_loops_ring,
          hellmonk_ecumenical_altar_slurped_away
D:2:      layout_rooms
D:3:      layout_basic, minmay_gold_behind_fungi, kennysheep_jessica_study,
          uniq_jessica
D:4:      layout_layer_cave, kennysheep_mini_moat, lemuel_tele_altar,
          lemuel_temple_firewalk_b, uniq_edmund

Notes
Turn   | Place    | Note
-------+----------+-------------------------------------------
     0 | D:1      | spiderkeys the Mummy Fighter began the quest for the Orb.
     0 | D:1      | Reached XP level 1. HP: 18/18 MP: 1/1
     0 | D:1      | magus.rc [v1.9.10]
   249 | D:1      | Reached XP level 2. HP: 24/24 MP: 2/2
   296 | D:1      | Reached skill level 2 in Long Blades
   536 | D:1      | Reached XP level 3. HP: 29/29 MP: 3/3
   616 | D:1      | Found a faded altar of an unknown god.
  1080 | D:1      | Became a worshipper of Gozag Ym Sagoz the Greedy
  1674 | D:3      | Reached XP level 4. HP: 35/35 MP: 4/4
  2077 | D:3      | Reached skill level 3 in Armour
  2091 | D:3      | Noticed Jessica
  2113 | D:3      | Killed Jessica
  2114 | D:3      | Reached skill level 3 in Shields
  2241 | D:3      | Identified Jessica's Compendium of Orientation
  2245 | D:3      | Learned a level 1 spell: Apportation
  2676 | D:3      | Reached XP level 5. HP: 39/42 MP: 5/5
  2905 | D:4      | Noticed a necrophage
  2918 | D:4      | HP: 8/42 [necrophage (5)]
  2927 | D:4      | HP: 5/42 [adder (3)]
  2934 | D:4      | Reached skill level 3 in Long Blades
  2965 | D:4      | HP: 7/42 [scorpion (7)]
  2975 | D:4      | HP: 8/42 [adder (1)]
  2979 | D:4      | HP: 1/42 [adder (3)]
  3492 | D:4      | Reached skill level 4 in Fighting
  3642 | D:4      | Found a basalt altar of Yredelemnul.
  3958 | D:4      | Noticed an ogre
  3970 | D:4      | Noticed Edmund
  4169 | D:4      | HP: 8/42 [Edmund/+3 dire flail of holy wrath (16)]
  4171 | D:4      | Slain by Edmund

Vanquished Creatures
  A scorpion (D:4)
  Jessica (D:3)
  4 adders
  An adder skeleton (D:4)
  A dart slug (D:3)
  11 orcs
  7 ball pythons
  13 endoplasms
  7 giant cockroaches
  11 goblins
  8 hobgoblins
  15 jackals
  3 kobolds
  A quokka (D:3)
  7 bats
  4 frilled lizards
  4 rats
99 creatures vanquished.

Vanquished Creatures (others)
  An adder (D:4)
  2 toadstools (D:3)
3 creatures vanquished.

Grand Total: 102 creatures vanquished

Table legend:
 A = Non-vault XP
 B = Vault XP
 C = Vault XP percentage of total XP
 D = Non-vault monster count
 E = Vault monster count
 F = Vault count percentage of total count
                 A         B        C        D         E       F
            +---------+---------+-------+---------+---------+-------
      Total |     318 |      41 |  11.4 |      97 |       3 |   3.0
            +---------+---------+-------+---------+---------+-------
        D:1 |      58 |       2 |   3.3 |      34 |       1 |   2.9
        D:2 |      34 |       0 |   0.0 |      20 |       0 |   0.0
        D:3 |      63 |      39 |  38.2 |      21 |       2 |   8.7
        D:4 |     163 |       0 |   0.0 |      22 |       0 |   0.0
            +---------+---------+-------+---------+---------+-------

Illustrated notes

Table legend:
 A = Kills in this place as a percentage of kills in entire the game.
 B = Kills by you in this place as a percentage of kills by you in the entire game.
 C = Kills by friends in this place as a percentage of kills by friends in the entire game.
 D = Other kills in this place as a percentage of other kills in the entire game.
 E = Experience gained in this place as a percentage of experience gained in the entire game.
 F = Experience gained in this place divided by the number of levels of this place that you have seen.
                   A       B       C       D       E      F
               +-------+-------+-------+-------+-------+----------------------
         Total | 100.0 | 100.0 |   N/A | 100.0 | 100.0 |  89.8
       Dungeon | 100.0 | 100.0 |   N/A | 100.0 | 100.0 |  89.8
               +-------+-------+-------+-------+-------+----------------------

Table legend: (Time is in decaauts)
 A = Elapsed time spent in this place.
 B = Non-inter-level travel time spent in this place.
 C = Inter-level travel time spent in this place.
 D = Time resting spent in this place.
 E = Time spent auto-exploring this place.
 F = Levels seen in this place.
 G = Mean time per level.
                   A        B        C        D        E       F      G
               +--------+--------+--------+--------+--------+-----+--------+
         Total |   4324 |   4119 |    205 |    280 |   2892 |   4 | 1081.0 |
       Dungeon |   4324 |   4119 |    205 |    280 |   2892 |   4 | 1081.0 |
               +--------+--------+--------+--------+--------+-----+--------+

Top non-repeatable levels by time:
     D:3: 1338 daAuts
     D:4: 1262 daAuts
     D:1: 1152 daAuts
     D:2: 571 daAuts
